 Dungeon Crawl Stone Soup version 0.19-a0-1225-gf887c1c (webtiles) character file.

898 Charly the Carver (level 7, 0/49 HPs)
             Began as a Demonspawn Chaos Knight on Aug 25, 2016.
             Splashed by a jelly's acid (8 damage)
             ... on level 6 of the Dungeon.
             The game lasted 00:31:03 (2602 turns).

Charly the Carver (Demonspawn Chaos Knight)         Turns: 2602, Time: 00:31:05

Health: 0/49       AC:  5    Str: 17    XL:     7   Next: 79%
Magic:  16/16      EV: 13    Int: 13    God:    Xom [....*.]
Gold:   199        SH:  0    Dex: 15    Spells: 0 memorised, 6 levels left

rFire  . . .     SeeInvis .     a - +0 falchion (chaos)
rCold  . . .     Gourm    .     b - +2 leather armour (curse)
rNeg   . . .     Faith    .     (no shield)
rPois  .         Spirit   .     (helmet restricted)
rElec  .         Dismiss  .     (no cloak)
rCorr  .         Reflect  .     (no gloves)
MR     .....     Harm     .     (no boots)
Stlth  +.........               (no amulet)
                                (no ring)
                                k - ring of magical power

@: mighty
A: horns 1, frail 1, powered by death 1, slow regeneration 1, spiny 1
a: Renounce Religion


You were on level 6 of the Dungeon.
You worshipped Xom.
You were a beloved toy of Xom.
You were not hungry.

You visited 2 branches of the dungeon, and saw 8 of its levels.
You also visited: Ossuary.

You collected 199 gold pieces.

Inventory:

Hand Weapons
 a - a +0 falchion of chaos (weapon)
Missiles
 m - 14 poisoned needles
Armour
 b - a cursed +2 leather armour (worn)
Jewellery
 k - a ring of magical power (left hand)
Scrolls
 d - 4 scrolls of remove curse
 q - a scroll of enchant armour {unknown}
 t - a scroll of teleportation {unknown}
 u - a scroll of noise {unknown}
 v - a scroll of magic mapping {unknown}
 x - a scroll of fog {unknown}
Potions
 e - a potion of haste
 g - a potion of brilliance
 h - a potion of curing
 l - 2 potions of flight {unknown}
 o - a potion of degeneration {unknown}
 p - 2 potions of mutation
 s - 2 potions of might
 w - a potion of invisibility {unknown}
Comestibles
 c - 3 bread rations


   Skills:
 + Level 4.5 Fighting
 + Level 9.9 Long Blades
 - Level 1.7 Armour
 + Level 3.6 Dodging


You had 6 spell levels left.
You didn't know any spells.

Dungeon Overview and Level Annotations

Branches:
Dungeon (7/15)             Temple (1/1) D:6

Altars:
Elyvilon
Trog
Vehumet

Annotations:
D:3 1 exclusion, Sigmund


Innate Abilities, Weirdness & Mutations

You regenerate a little health from kills.
You are partially covered in sharp spines.
You have a pair of small horns on your head.
You are frail. (-10% HP)
You regenerate slowly when monsters are visible.


Message History

You feel better. The hound is struck by your spines. The hound bites you.
* * * LOW HITPOINT WARNING * * *
The jelly hits you but does no damage.
It was a potion of mutation.
You feel extremely strange.
Your regeneration weakens near monsters.
Xom thinks this is hilarious!
You feel frail. A pair of horns grows on your head!
The hound is struck by your spines. The hound bites you but does no damage.
The jelly is struck by your spines. The jelly hits you but does no damage.
The hound is struck by your spines.
You kill the hound!
Okay, then.
It was a potion of might.
You feel very mighty all of a sudden.
Xom thinks this is hilarious!
The crimson imp blinks!
The jelly is struck by your spines. The jelly hits you.
* * * LOW HITPOINT WARNING * * *
You are splashed with acid!
The acid burns!
You die...
Xom roars with laughter!

##### #@..# #†J.# #############
#...# #### (....5......####r..#
#... ###########....>...######
#... ..##### ########..>.....#
#... #.....###...####§....##.#
####..5
...5.....5..){........#.###.s....
####..........##..........o.#..##


You could see a jelly and a quokka.

Vanquished Creatures
  An ogre (D:5)
  2 giant frogs
  A jelly (D:5)
  A giant frog zombie (D:6)
  2 crimson imps
  A hound (D:6)
  2 orc priests (D:6)
  2 orc wizards (D:6)
  Jessica (D:3)
  Ijyb (D:3)
  Terence (D:3)
  An iguana (D:5)
  A hell rat (D:5)
  2 big kobold zombies (Ossuary)
  2 mummies (Ossuary)
  2 gnolls (D:3)
  2 adders
  6 adder zombies (Ossuary)
  An adder skeleton (D:4)
  A worm (D:2)
  A dart slug (D:3)
  7 giant geckos
  11 orcs
  A bat (D:2)
  2 giant cockroaches
  5 gnoll zombies (Ossuary)
  3 hobgoblins
  2 jackals (D:2)
  6 kobolds
  A quokka (D:2)
  2 ball pythons
  A giant gecko zombie (D:5)
  6 giant newts
  A goblin (D:3)
  7 hobgoblin zombies (Ossuary)
  2 kobold zombies (Ossuary)
  An orc zombie (Ossuary)
  5 rats
97 creatures vanquished.

Vanquished Creatures (others)
  A water moccasin zombie (Ossuary)
  An orc wizard (D:6)
  A hobgoblin zombie (Ossuary)
3 creatures vanquished.

Grand Total: 100 creatures vanquished

Notes
Turn   | Place    | Note
-------+----------+-------------------------------------------
     0 | D:1      | Charly the Demonspawn Chaos Knight began the quest for the Orb.
     0 | D:1      | Reached XP level 1. HP: 18/18 MP: 1/1
    28 | D:1      | Reached skill level 3 in Long Blades
   146 | D:1      | Gained mutation: You are partially covered in sharp spines. [demonic ancestry]
   146 | D:1      | Reached XP level 2. HP: 24/24 MP: 2/2
   334 | D:2      | XOM: harmless Fire miscast
   481 | D:2      | Reached skill level 9 in Long Blades
   481 | D:2      | Reached XP level 3. HP: 29/29 MP: 3/3
   567 | D:3      | Reached skill level 1 in Dodging
   585 | D:3      | Noticed Terence
   592 | D:3      | XOM: confusion (+ monsters)
   600 | D:3      | Killed Terence
   600 | D:3      | Reached XP level 4. HP: 26/35 MP: 4/4
   671 | D:4      | XOM: harmless Ice miscast
   869 | D:4      | XOM: confuse monster(s)
   983 | D:3      | Noticed Ijyb
   990 | D:3      | Noticed Sigmund
   990 | D:3      | XOM: noise
  1002 | D:3      | Noticed Jessica
  1006 | D:3      | XOM: confuse monster(s)
  1013 | D:3      | XOM: confuse monster(s)
  1020 | D:3      | Killed Jessica
  1020 | D:3      | Gained mutation: You regenerate a little health from kills. [demonic ancestry]
  1020 | D:3      | Reached XP level 5. HP: 27/41 MP: 5/5
  1034 | D:3      | Killed Ijyb
  1036 | D:3      | XOM: medium Chrm miscast
  1086 | D:5      | Entered Level 5 of the Dungeon
  1104 | D:5      | XOM: noise
  1131 | D:5      | Found a sand-covered staircase.
  1136 | Ossuary  | Entered an ossuary
  1200 | Ossuary  | XOM: summons friendly crimson imp
  1215 | Ossuary  | Reached XP level 6. HP: 23/47 MP: 6/6
  1350 | Ossuary  | XOM: silly message
  1618 | D:6      | Found a staircase to the Ecumenical Temple.
  1633 | D:6      | XOM: divination: magic mapping
  1698 | D:5      | Reached XP level 7. HP: 49/53 MP: 7/7
  1929 | D:6      | XOM: cast spell 'Ice Form'
  1932 | D:6      | XOM: harmless Summ miscast
  2075 | D:5      | XOM: enchant monster (bad)
  2188 | D:5      | XOM: medium Necr miscast
  2209 | Temple   | Entered the Ecumenical Temple
  2316 | D:6      | XOM: polymorph orc warrior -> hell rat
  2391 | D:6      | XOM: summons 4 hostile shadow creatures
  2406 | D:6      | XOM: enchant monster (good)
  2550 | D:6      | XOM: enchant monster (bad)
  2571 | D:6      | XOM: fake destruction
  2591 | D:6      | XOM: polymorph orc warrior -> jelly
  2599 | D:6      | HP: 2/55 [hound (4)]
  2601 | D:6      | Gained mutation: You regenerate slowly when monsters are visible. [potion of mutation]
  2601 | D:6      | Gained mutation: You are frail. (-10% HP) [potion of mutation]
  2601 | D:6      | Gained mutation: You have a pair of small horns on your head. [potion of mutation]
  2602 | D:6      | Splashed by a jelly's acid

Vault maps used:
D:1:      dpeg_arrival_brainrot
D:3:      serial_forest, infiniplex_forest_lined_1, infiniplex_forest_pool,
          infiniplex_forest_end_2, infiniplex_forest_straight_2,
          infiniplex_forest_straight_4, infiniplex_forest_side_room,
          infiniplex_forest_clump_tiny, infiniplex_forest_clump_medium,
          portal_sewer_entry_b, uniq_iyjb, uniq_sigmund, uniq_terence,
          uniq_jessica
D:4:      grunt_temple_overflow_open
D:5:      first_bread, enter_ossuary_5, minmay_lizard_king
D:6:      hex_tiny
D:7:      uniq_menkaure
Temple:   lightli_temple_of_artemis
Ossuary:  ossuary_tomb_2

Skill      XL: |  1  2  3  4  5  6  7 |
---------------+----------------------+-----
Long Blades    | 3 9 |  9.9
Dodging        | 1 2 3 |  3.6
Fighting       | 4 |  4.5
Armour         | |  1.7

Action                   |  1- 3 |  4- 6 |  7- 9 || total
-------------------------+-------+-------+-------++-------
Melee: Falchion          |    55 |   194 |    80 ||   329
       Unarmed           |       |       |     4 ||     4
       Trident           |       |       |     2 ||     2
Evoke: Wand              |     5 |     2 |       ||     7
  Use: Scroll            |     5 |     1 |     4 ||    10
       Potion            |     1 |     3 |     7 ||    11
 Stab: Confused          |     1 |     2 |     1 ||     4
       Paralysed         |       |     1 |     1 ||     2
  Eat: Chunk             |       |     3 |     1 ||     4
       Meat ration       |       |       |     1 ||     1
Armor: Leather armour    |    10 |    28 |    17 ||    55
       Skin              |       |     9 |     2 ||    11
Dodge: Dodged            |    19 |    61 |    30 ||   110
